 Dungeon Crawl Stone Soup version 0.30.1-11-g7821555f0a (webtiles) character file.

Game seed: 5944255736747695352

38511 Wiggles the Severer (level 13, -5/183 HPs)
             Began as a Minotaur Berserker on Nov 15, 2023.
             Was the Champion of Trog.
             Slain by a 12-headed hydra (9 damage)
             ... on level 5 of the Lair of Beasts.
             The game lasted 00:20:27 (15546 turns).

Wiggles the Severer (Minotaur Berserker)           Turns: 15546, Time: 00:20:28

Health: -5/183     AC: 29    Str: 27    XL:     13   Next: 64%
Magic:  12/12      EV: 12    Int:  4    God:    Trog [******]
Gold:   731        SH:  0    Dex: 16    Spells: 12/12 levels left

rFire   + . .        v - +6 battleaxe (protect)
rCold   . . .        (shield currently unavailable)
rNeg    . . .        c - +1 storm dragon scales
rPois   .            F - +0 hat
rElec   +            m - +2 cloak
rCorr   .            b - +0 pair of gloves
SInv    +            (no boots)
Will    +....        (no amulet) Stlth
                     f - ring of willpower
HPRegen 0.50/turn    y - ring of Udammah {Drain rF+ Dex+6 Slay+3 SInv}
MPRegen 0.13/turn

%: no passive effects
@: berserking, under a protective aura, very quick
A: horns 2, retaliatory headbutt
a: Renounce Religion, Berserk, Trog's Hand, Brothers in Arms


You were on level 5 of the Lair of Beasts.
You worshipped Trog.
Trog was exalted by your worship.
You visited 2 branches of the dungeon, and saw 16 of its levels.
You also visited: Ossuary.

You collected 993 gold pieces.
You spent 262 gold pieces at shops.

Inventory:

Hand Weapons
 v - a +6 battleaxe of protection (weapon)
Missiles
 g - a throwing net (quivered)
Armour
 b - a +0 pair of gloves (worn)
 c - +1 storm dragon scales (worn)
 m - a +2 cloak (worn)
 F - a +0 hat (worn)
Jewellery
 f - a ring of willpower (left hand)
 w - a ring of see invisible
 y - the ring of Udammah (right hand) {Drain rF+ Dex+6 Slay+3 SInv}
   (You found it on level 9 of the Dungeon)

   [ring of dexterity]

   Dex:       It affects your dexterity (+6).
   Slay:      It affects your accuracy & damage with ranged weapons and melee
   (+3).
   rF:        It protects you from fire.
   SInv:      It lets you see invisible.
   Drain:     It drains your maximum health when unequipped.
Wands
 a - a wand of digging (3)
 l - a wand of mindburst (17)
 p - a wand of polymorph (12)
 C - a wand of iceblast (3)
Scrolls
 d - 7 scrolls of teleportation
 s - 4 scrolls of magic mapping
 A - a scroll of fog
 D - 2 scrolls of blinking
 E - 3 scrolls of identify
 G - a scroll of butterflies
Potions
 e - a potion of resistance
 h - 3 potions of lignification
 i - 5 potions of curing
 j - 3 potions of might
 k - 4 potions of mutation
 n - 7 potions of heal wounds
 o - 5 potions of attraction
 q - 3 potions of magic
 r - 3 potions of haste
 t - 5 potions of flight
 u - 3 potions of brilliance
 x - a potion of berserk rage
 z - 2 potions of invisibility
 B - 2 potions of degeneration


   Skills:
 + Level 13.5 Fighting
 + Level 20.6 Axes
 + Level 12.8 Armour
 + Level 6.1 Dodging
 + Level 1.0 Stealth


You had 12 spell levels left.
You didn't know any spells.
Your spell library was empty.

Dungeon Overview and Level Annotations

Branches:
Dungeon (11/15)            Temple (0/1) D:4            Lair (5/5) D:10
 Shoals (0/4) Lair:3       Spider (0/4) Lair:3        Slime (0/5) Lair:4
    Orc (0/2) D:10        Ossuary (visited)

Altars:
Elyvilon
Gozag
Uskayaw
Wu Jian

Shops:
D:2 (   D:3 ?


Innate Abilities, Weirdness & Mutations

You have a pair of horns on your head.
You reflexively headbutt those who attack you in melee.


Message History

You hack one of the 11-headed hydra's heads off!
The ten-headed hydra grows two more!
You slash the 12-headed hydra! You slash the cane toad!
You slice the bullfrog!!
You kill the bullfrog!
Trog accepts your kill.
You closely miss the water moccasin.
The seven-headed hydra bites you but does no damage.
The seven-headed hydra bites you!
The seven-headed hydra bites you but does no damage. x2
The seven-headed hydra bites you.
The seven-headed hydra bites you but does no damage. x2
The 12-headed hydra bites you but does no damage. x2
The 12-headed hydra bites you!
The 12-headed hydra bites you but does no damage.
The 12-headed hydra bites you!
* * * LOW HITPOINT WARNING * * *
The 12-headed hydra bites you.
* * * LOW HITPOINT WARNING * * *
The 12-headed hydra closely misses you.
The 12-headed hydra bites you but does no damage.
The 12-headed hydra barely misses you. The 12-headed hydra bites you!
* * * LOW HITPOINT WARNING * * *
The 12-headed hydra bites you but does no damage.
The 12-headed hydra bites you.
* * * LOW HITPOINT WARNING * * *
The water moccasin bites you but does no damage.
The cane toad stings you.
* * * LOW HITPOINT WARNING * * *
A red film seems to cover your vision as you go berserk!
You feel yourself moving faster!
You feel mighty!
The water moccasin bites you but does no damage.
The 12-headed hydra bites you.
* * * LOW HITPOINT WARNING * * *
The 12-headed hydra bites you but does no damage.
The 12-headed hydra bites you!
* * * LOW HITPOINT WARNING * * *
The 12-headed hydra bites you but does no damage. x2
The 12-headed hydra completely misses you.
The 12-headed hydra bites you!
You die...

..........##
...........#
##..........
..........#
#........#
#........#
###........###
#......†D....#
#.....D@..###
~.......F.S..#
.............#
...~.........P#
P~.~....~.....#
~~~~~.~P.PP....#
##~≈~~~.~SP~#.#..
P~~~~~~~...#....


You could see a 12-headed hydra, a seven-headed hydra, a cane toad, a water
moccasin and an electric eel.

Vanquished Creatures
  3 hydras
  Erolcha (D:11)
  4 two-headed ogres
  Nergalle (D:11)
  A skyshark (Lair:5)
  A lindwurm (Lair:4)
  Pikel (D:8)
  2 wolf spiders (Lair:3)
  An elephant (Lair:4)
  2 black mambas
  Maggie (D:10)
  10 cane toads
  2 unseen horrors (D:11)
  13 komodo dragons
  2 rime drakes (Lair:1)
  Psyche (D:9)
  3 polar bears
  Grinder (D:5)
  A hornet (D:9)
  4 trolls
  Prince Ribbit (D:5)
  12 blink frogs
  A shadow (D:11)
  A jumping spider (Lair:3)
  Sigmund (D:4)
  55 yaks
  A wraith (D:7)
  3 wyverns
  2 basilisks
  4 steam dragons
  2 acid dragons
  13 water moccasins
  2 sky beasts (D:8)
  An orc warrior (D:9)
  4 black bears
  3 ice beasts
  14 wolves
  8 centaurs
  8 elf zombies
  A phantom (D:5)
  14 bullfrogs
  6 scorpions
  A gnoll sergeant (D:11)
  An elf skeleton (D:4)
  5 wights (D:8)
  11 killer bees
  A howler monkey (D:5)
  2 electric eels
  2 centaur zombies (Ossuary)
  A hound (D:6)
  4 human zombies
  4 orc priests
  2 jellies (D:6)
  A gnoll bouda (D:5)
  A sleepcap (D:8)
  3 iguanas
  13 orc wizards
  2 human simulacra (D:10)
  3 mummies (Ossuary)
  7 gnolls
  9 adders
  A shadow imp (D:7)
  A worm (D:2)
  2 dart slugs
  29 orcs
  8 ball pythons
  6 bats
  6 endoplasms
  7 giant cockroaches
  9 goblins
  7 hobgoblins
  3 jackals (D:4)
  5 kobolds
  11 quokkas
  3 frilled lizards (D:1)
  An orc skeleton (D:4)
  2 orc zombies (D:4)
  8 rats
394 creatures vanquished.

Vanquished Creatures (others)
  A howler monkey (D:7)
1 creature vanquished.

Grand Total: 395 creatures vanquished

Notes
Turn   | Place    | Note
-------+----------+-------------------------------------------
     0 | D:1      | Wiggles the Minotaur Berserker began the quest for the Orb.
     0 | D:1      | Reached XP level 1. HP: 19/19 MP: 0/0
   215 | D:1      | Reached XP level 2. HP: 23/27 MP: 1/1
   375 | D:1      | Reached skill level 4 in Axes
   678 | D:1      | Reached ** piety under Trog
   718 | D:2      | Reached XP level 3. HP: 24/33 MP: 2/2
  1185 | D:2      | Reached XP level 4. HP: 33/41 MP: 3/3
  1241 | D:2      | Found Muosaw's Antique Weapon Boutique.
  1250 | D:2      | Bought a war axe for 98 gold pieces
  1703 | D:3      | Reached *** piety under Trog
  1769 | D:3      | Reached skill level 5 in Axes
  1809 | D:3      | Found a faded altar of an unknown god.
  1873 | D:3      | Found Kiogrig's Magic Scroll Emporium.
  2341 | D:4      | Noticed Sigmund
  2349 | D:4      | Killed Sigmund
  2350 | D:4      | Reached skill level 6 in Axes
  2350 | D:4      | Reached XP level 5. HP: 47/47 MP: 4/4
  2350 | D:4      | Reached XP level 6. HP: 55/55 MP: 5/5
  2506 | D:4      | Reached skill level 5 in Fighting
  2552 | D:4      | Reached skill level 7 in Axes
  2552 | D:4      | Reached skill level 5 in Armour
  2552 | D:4      | Reached XP level 7. HP: 44/61 MP: 6/6
  2572 | D:4      | Found a sand-covered staircase.
  2584 | Ossuary  | Entered an ossuary
  2676 | Ossuary  | Reached skill level 8 in Axes
  2793 | Ossuary  | Reached **** piety under Trog
  2902 | Ossuary  | Reached skill level 9 in Axes
  2902 | Ossuary  | Reached XP level 8. HP: 49/69 MP: 7/7
  3064 | D:4      | Found a staircase to the Ecumenical Temple.
  3653 | D:5      | Entered Level 5 of the Dungeon
  3663 | D:5      | Found an ornate altar of the Wu Jian Council.
  3664 | D:5      | Identified the +5 falchion "Opo Tuji" {venom, rElec rF++}
  3805 | D:5      | Reached skill level 10 in Axes
  3883 | D:5      | Noticed Prince Ribbit
  3902 | D:5      | Killed Prince Ribbit
  4280 | D:5      | Noticed Grinder
  4292 | D:5      | Killed Grinder
  4293 | D:5      | Reached XP level 9. HP: 72/78 MP: 8/8
  4803 | D:6      | Reached skill level 11 in Axes
  4816 | D:6      | Reached ***** piety under Trog
  5039 | D:6      | Reached skill level 5 in Dodging
  5627 | D:7      | Reached skill level 12 in Axes
  6857 | D:8      | Reached XP level 10. HP: 86/88 MP: 9/9
  7022 | D:8      | Reached skill level 13 in Axes
  7159 | D:8      | Noticed Pikel
  7167 | D:8      | Killed Pikel
  7649 | D:9      | Received a gift from Trog
  7650 | D:9      | Reached skill level 14 in Axes
  7783 | D:9      | Found a hide-covered altar of Uskayaw.
  8042 | D:9      | Noticed Psyche
  8047 | D:9      | Killed Psyche
  8291 | D:9      | Identified the ring of Udammah {Drain rF+ Dex+6 Slay+3
                  | SInv}
  8364 | D:9      | Noticed a two-headed ogre
  8373 | D:9      | Killed a two-headed ogre
  8374 | D:9      | Reached skill level 15 in Axes
  8374 | D:9      | Reached skill level 1 in Stealth
  8622 | D:9      | Paralysed by a hornet for 2 turns
  8626 | D:9      | Reached XP level 11. HP: 28/97 MP: 10/10
  9023 | D:9      | Identified the +1 chain mail of Ymirgh {*Corrode rElec
                  | rC+++ Will+}
  9195 | D:10     | Entered Level 10 of the Dungeon
  9219 | D:10     | Found a staircase to the Orcish Mines.
  9350 | D:10     | Found an opulent altar of Gozag.
  9405 | D:10     | Reached skill level 10 in Armour
  9443 | D:10     | Found a staircase to the Lair.
  9443 | D:10     | Noticed a two-headed ogre
  9453 | D:10     | Killed a two-headed ogre
  9672 | D:10     | Reached skill level 16 in Axes
  9751 | D:10     | Found a white marble altar of Elyvilon.
  9759 | D:10     | Noticed Maggie
  9765 | D:10     | Killed Maggie
  9812 | D:10     | Reached skill level 10 in Fighting
  9814 | D:10     | Received a gift from Trog
 10252 | D:11     | Noticed Nergalle
 10263 | D:11     | Killed Nergalle
 10272 | D:11     | Noticed Erolcha
 10285 | D:11     | Killed Erolcha
 10508 | D:11     | Reached skill level 17 in Axes
 10807 | D:11     | Noticed a two-headed ogre
 10812 | D:11     | Killed a two-headed ogre
 10813 | D:11     | Reached XP level 12. HP: 78/108 MP: 11/11
 10971 | D:11     | Noticed a two-headed ogre
 10977 | D:11     | Killed a two-headed ogre
 11147 | Lair:1   | Entered Level 1 of the Lair of Beasts
 11723 | Lair:1   | Reached skill level 18 in Axes
 12020 | Lair:2   | Noticed a six-headed hydra
 12026 | Lair:2   | Killed an eight-headed hydra
 12530 | Lair:2   | Reached skill level 19 in Axes
 12673 | Lair:2   | Noticed a five-headed hydra
 12679 | Lair:2   | Killed an eight-headed hydra
 13171 | D:3      | Bought a scroll of enchant weapon for 82 gold pieces
 13171 | D:3      | Bought a scroll of enchant weapon for 82 gold pieces
 13403 | Lair:3   | Reached XP level 13. HP: 108/119 MP: 12/12
 13704 | Lair:3   | Found a staircase to the Shoals.
 13853 | Lair:3   | Found a hole to the Spider Nest.
 14564 | Lair:4   | Reached skill level 20 in Axes
 14711 | Lair:4   | Found a staircase to the Slime Pits.
 14893 | Lair:4   | Reached ****** piety under Trog
 15258 | Lair:4   | Received a gift from Trog
 15532 | Lair:5   | Entered Level 5 of the Lair of Beasts
 15546 | Lair:5   | HP: 4/183 [12-headed hydra (7)]
 15546 | Lair:5   | Slain by a 12-headed hydra

Illustrated notes

Levels and vault maps discovered:
D:1:      amcnicky_arrival_underground_garden, layout_basic
D:2:      layout_rooms, serial_shops, nicolae_lakefront_shop,
          minmay_stone_trees_small, minmay_ruptured
D:3:      layout_loops_ring, serial_shops, nicolae_shop_waterfront,
          shapermc_ecumenical_altar_gd
D:4:      layout_cave_pools, minmay_temple_entry_glass, gup_sewer_entry_pipe,
          nicolae_ossuary_entry_catacombs, uniq_sigmund
D:5:      layout_loops_ring, nzn_wu_jian_council_hall, uniq_grinder,
          uniq_prince_ribbit1
D:6:      layout_loops_cross
D:7:      nzn_winding_woodlands_small [nzn_winding_woodlands_5x15_parted,
          nzn_winding_woodlands_center_diamonds,
          nzn_winding_woodlands_5x15_garden], layout_cave_pods, serial_rivers,
          chequers_serial_rivers_room_b, chequers_serial_rivers_room_b,
          chequers_serial_rivers_small_3, chequers_serial_rivers_room_b,
          chequers_serial_rivers_small_a
D:8:      layout_basic, uniq_pikel
D:9:      layout_stronghold, lemuel_doored_altar, kennysheep_generic_room_16,
          uniq_psyche
D:10:     layout_basic, elyvilon_altar_1, nicolae_overflow_crystal_walls,
          due_lair_maze_entry_diamond, orc_0_dummy, bh_circular_ruins,
          uniq_maggie
D:11:     layout_roguey, uniq_erolcha, uniq_nergalle
Lair:1:   layout_big_grid, serial_bayou_pond_b, small_statue_intersection,
          nicolae_lair_lil_pond
Lair:2:   layout_chaotic_city, gammafunk_lair_bear_cave, grunt_megastairs_5
Lair:3:   layout_loops_ring, shoals_dummy_entry, spider_nest_entry_funnel_web
Lair:4:   layout_regular_city, slime_entry_1, beast_lair_carwin_6,
          infiniplex_staircase_pool
Lair:5:   minmay_lair_end_frog_pond, layout_hall_layers

Skill      XL: |  1  2  3  4  5  6  7  8  9 10 11 12 13 |
---------------+----------------------------------------+-----
Fighting       | 4 5 6 8 9 10 12 13 | 13.5
Axes           | 4 6 7 9 10 12 15 17 19 20 | 20.6
Armour         | 3 4 5 6 8 9 11 12 | 12.8
Dodging        | 3 4 5 6 |  6.1
Stealth        | 1 |  1.0

Action                     |  1- 3 |  4- 6 |  7- 9 | 10-12 | 13-15 || total
---------------------------+-------+-------+-------+-------+-------++-------
  Melee: Hand axe          |    82 |       |       |       |       ||    82
         Headbutt          |    19 |    12 |    63 |    75 |    37 ||   206
         War axe           |       |    87 |   285 |     2 |       ||   374
         Punch             |       |       |     4 |       |       ||     4
         Battleaxe         |       |       |       |   362 |   144 ||   506
 Invoke: Berserk           |       |     1 |     3 |     2 |     1 ||     7
    Use: Scroll            |       |       |    17 |    12 |     1 ||    30
         Potion            |       |       |       |     1 |       ||     1
 Armour: Animal skin       |     3 |       |       |       |       ||     3
         Ring mail         |    20 |    41 |    47 |       |       ||   108
         Scale mail        |       |       |    30 |       |       ||    30
         Chain mail        |       |       |    49 |       |       ||    49
         Storm dragon scal |       |       |    24 |   216 |   118 ||   358
  Dodge: Dodged            |    51 |    78 |   147 |   210 |   100 ||   586
